 Dungeon Crawl Stone Soup version 0.18.1-50-g88ac8fd (webtiles) character file.

543025 nikopol the Executioner (level 24, -17/226 HPs)
             Began as a Minotaur Berserker on Sept 8, 2016.
             Was the Champion of Trog.
             Killed from afar by a fire giant (34 damage)
             ... with a bolt of fire
             ... on level 3 of the Depths on Sept 15, 2016.
             The game lasted 04:35:41 (69912 turns).

nikopol the Executioner (Minotaur Berserker)       Turns: 69912, Time: 04:35:42

Health: -17/226    AC: 20    Str: 33    XL:     24   Next: 80%
Magic:  31/31      EV: 23    Int:  8    God:    Trog [******]
Gold:   3109       SH:  6    Dex: 17    Spells: 0 memorised, 23 levels left

rFire  . . .     SeeInvis +     a - +9 battleaxe of Trog's Condemnation {freeze, rN+++ Int-3 SInv Stlth-}
rCold  . . .     Gourm    .     T - +1 chain mail "Xokaonn" {-Tele rPois rN+ Str+4} (curse)
rNeg   + + +     Faith    .     (shield currently unavailable)
rPois  +         Spirit   .     p - +1 hat
rElec  +         Dismiss  .     Z - +2 cloak of Lusoilot {Int+4}
rCorr  .         Reflect  +     x - +0 pair of gloves of the Midnight Sun {rN+ MR+}
SustAt .         Harm     .     L - +2 pair of boots {Fly}
MR     ++...     NoTele   +     q - +6 amulet of reflection
Stlth  ..........               E - +6 ring of slaying
                                t - ring "Kymomysa" {rElec rPois MP+9 Str+3}

@: corroded, very resistant to hostile enchantments, extremely unstealthy
A: retaliatory headbutt, horns 2, clever 1
a: Berserk, Trog's Hand, Brothers in Arms, Burn Spellbooks, Renounce Religion,
Evoke Flight
}: 3/15 runes: decaying, serpentine, silver


You were on level 3 of the Depths.
You worshipped Trog.
Trog was exalted by your worship.
You were not hungry.

You visited 8 branches of the dungeon, and saw 44 of its levels.
You visited 1 bazaar.
You also visited: Ice Cave and Wizlab.

You collected 5882 gold pieces.
You spent 2773 gold pieces at shops.

Inventory:

Hand Weapons
 a - the +9 battleaxe of Trog's Condemnation (weapon) {freeze, rN+++ Int-3 SInv Stlth-}
   (Trog gifted it to you on level 5 of the Dungeon)

   It has been specially enchanted to freeze those struck by it, causing extra
   injury to most foes and up to half again as much damage against particularly
   susceptible opponents.
   It can also slow down cold-blooded creatures.
   It affects your intelligence (-3).
   It renders you almost immune to negative energy.
   It lets you see invisible.
   It makes you less stealthy.
 z - the +8 longbow of Resourcefulness {speed, +Inv rElec rPois}
   (You bought it in a shop in a bazaar)

   Attacks with this weapon are significantly faster.
   It insulates you from electricity.
   It protects you from poison.
   It lets you turn invisible.
 X - a +8 executioner's axe
Missiles
 m - 1589 arrows (quivered)
Armour
 p - a +1 hat (worn)
 x - the +0 pair of gloves of the Midnight Sun (worn) {rN+ MR+}
   (You acquired it on level 2 of the Swamp)

   It protects you from negative energy.
   It affects your resistance to hostile enchantments.
 L - a +2 pair of boots of flying (worn)
 M - the +0 chain mail of the Solstice {rC+ Str+4 Stlth+}
   (You bought it in a shop on level 2 of the Orcish Mines)

   It affects your strength (+4).
   It protects you from cold.
   It makes you more stealthy.
 T - the cursed +1 chain mail "Xokaonn" (worn) {-Tele rPois rN+ Str+4}
   (You found it on level 1 of the Depths)

   It affects your strength (+4).
   It protects you from poison.
   It protects you from negative energy.
   It prevents most forms of teleportation.
   It has a curse placed upon it.
 Z - the +2 cloak of Lusoilot (worn) {Int+4}
   (You found it on level 5 of the Vaults)

   It affects your intelligence (+4).
Jewellery
 b - an uncursed amulet of dismissal
 l - a cursed -3 ring of evasion
 q - a +6 amulet of reflection (around neck)
 s - the ring "Hitsilomn" {Fragile rF+ rC+ rN+ Str+2, unknown}
   (You found it on level 2 of the Depths)

   [ring of protection from cold]

   It affects your strength (+2).
   It protects you from fire.
   It protects you from cold.
   It protects you from negative energy.
   It will be destroyed if unequipped.
 t - the ring "Kymomysa" (left hand) {rElec rPois MP+9 Str+3}
   (You found it on level 11 of the Dungeon)

   [ring of strength]

   It affects your strength (+3).
   It insulates you from electricity.
   It protects you from poison.
   It affects your magic capacity (+9).
 y - an uncursed ring of protection from magic
 E - a +6 ring of slaying (right hand)
 I - an uncursed ring of positive energy
 J - an uncursed ring of resist corrosion
 O - an uncursed ring of sustain attributes
 W - an uncursed ring of protection from fire
Wands
 H - a wand of disintegration (24/24)
Scrolls
 h - 17 scrolls of remove curse
 j - 6 scrolls of fear
 u - 13 scrolls of teleportation
 v - 2 scrolls of enchant weapon
 w - 4 scrolls of enchant armour
 B - 2 scrolls of magic mapping
 D - 5 scrolls of identify
 K - 4 scrolls of holy word
 P - 5 scrolls of blinking
 R - 3 scrolls of recharging
 V - 3 scrolls of fog
Potions
 d - 20 potions of curing
 e - 12 potions of heal wounds
 f - 5 potions of haste
 g - 7 potions of cure mutation
 i - 8 potions of agility
 k - 3 potions of invisibility
 o - 4 potions of resistance
 r - 7 potions of brilliance
 A - 4 potions of might
 F - a potion of magic
 N - 4 potions of flight
 S - 6 potions of cancellation
Comestibles
 c - 30 bread rations
 n - 48 fruits
 C - 3 beef jerkies
 G - 14 meat rations


   Skills:
 + Level 20.8 Fighting
 * Level 26.3 Axes
 + Level 22.9 Bows
 + Level 22.0 Armour
 + Level 19.5 Dodging


You had 23 spell levels left.
You didn't know any spells.

Dungeon Overview and Level Annotations

Branches:
Dungeon (15/15)            Temple (0/1) D:5            Lair (8/8) D:9
  Swamp (4/4) Lair:3        Snake (4/4) Lair:3        Slime (0/6) Lair:8
    Orc (2/2) D:12            Elf (3/3) Orc:2        Vaults (5/5) D:14
  Crypt (0/3) Vaults:2     Depths (3/5) D:15

Altars:
Ashenzari
Dithmenos
Fedhas
Gozag
Kikubaaqudgha
Makhleb
Nemelex Xobeh
Okawaru
Pakellas
Ru
Sif Muna
Vehumet
Xom
Zin
The Shining One
Jiyva

Shops:
D:9 *   D:14 [   Orc:1 ?   Orc:2 }![%*   Elf:1 ?}   Elf:3 :*(*?   Snake:3 :
Vaults:2 !   Depths:1 (

Portals:
Hell: Depths:1 Depths:2
Pandemonium: Depths:3
Trove: D:15 (give +7 demon blade)


Innate Abilities, Weirdness & Mutations

You reflexively headbutt those who attack you in melee.
You have a pair of horns on your head.
Your mind is acute. (Int +2)


Message History

The entropy weaver hits you.
* * * LOW HITPOINT WARNING * * *
The entropy weaver hits you but does no damage. x2
The fire giant gestures at you while chanting.
The bolt of fire hits you!
* * * LOW HITPOINT WARNING * * *
The ettin hits you with a dire flail!
* * * LOW HITPOINT WARNING * * *
The ettin barely misses you.
The yaktaur captain shoots a bolt.
You reflect the bolt off an invisible shield around you!
The bolt hits the yaktaur captain!!
You continue eating.
The entropy weaver barely misses you. You furiously retaliate!
You headbutt the entropy weaver. You block the entropy weaver's attack.
The entropy weaver hits you but does no damage.
The entropy weaver hits you.
* * * LOW HITPOINT WARNING * * *
The fire giant points at you and mumbles some strange words.
The bolt of fire hits you!
You die...

(### .( #...###
.###c.. ..#...#
....... . #(....
...(.# .. #.....
.(...#
..#..().#(....#
..#.#..)#)#.....
#...###(C(#
#.#...#@#((.#
#)<..#.....#
#.#...#.#...#.#
#...###...###...
..#.# #.#. ..#
...# #... #∩ ..
. ..


You could see a fire giant, 2 stone giants, a yaktaur captain, an entropy
weaver, an ettin and a vampire mage (invisible).

Vanquished Creatures
  An ancient lich (Vaults:5)
  Nikola (Elf:1)
  A golden dragon (Vaults:5)
  A bone dragon (Vaults:2)
  2 tentacled monstrosities (Vaults:5)
  Rupert (D:14)
  A lich (Depths:1)
  4 quicksilver dragons
  4 deep elf blademasters (Elf:3)
  3 deep elf master archers (Elf:3)
  Frances (D:14)
  3 sphinxes
  10 tentacled starspawn (WizLab)
  9 tengu reavers (Vaults:5)
  3 thorn hunters
  3 storm dragons (Vaults:5)
  Agnes (D:15)
  A shadow dragon (shapeshifter) (Vaults:2)
  4 shadow dragons (Vaults:5)
  10 greater nagas
  Donald (Snake:4)
  15 deep elf sorcerers
  10 fire giants
  8 frost giants
  15 vault wardens
  Aizul (Snake:1)
  A cacodemon (WizLab)
  5 deep elf elementalists (Elf:3)
  A curse skull (Vaults:2)
  21 ironheart preservers
  A ghoul (Vaults:1)
  The ghost of Scuka the Spry, a journeyman MfTm of Okawaru (Lair:6)
  18 stone giants
  5 war gargoyles
  10 very ugly things
  8 deep elf demonologists
  2 vampire knights
  12 deep elf annihilators (Elf:3)
  A salamander stormcaller (Vaults:5)
  A dire elephant (Lair:8)
  The ghost of appiemonkey the Blocker, a journeyman MiFi of the Shining One (Swamp:1)
  3 ettins
  5 deep elf death magi
  2 crystal guardians
  Josephine (D:14)
  13 yaktaur captains
  7 deep elf high priests
  37 vault guards
  The ghost of shugdite the Blocker, a journeyman MiFi of Okawaru (Orc:1)
  8 great orbs of eyes
  Fannar (Lair:1)
  3 entropy weavers
  2 fire dragons
  5 rakshasas
  17 naga warriors
  A spriggan air mage (Depths:3)
  2 ghost crabs
  7 ice dragons
  3 catoblepae
  30 hydras
  13 anacondas
  5 death knights
  9 centaur warriors
  15 alligators
  An alligator (shapeshifter) (Vaults:5)
  15 ogre magi
  9 deep troll shamans
  41 dancing weapons
  5 deep troll earth magi
  3 orc high priests
  A queen ant (Lair:3)
  9 death yaks (Lair:8)
  6 spriggan berserkers
  14 naga sharpshooters
  12 shock serpents
  19 deep elf knights
  The ghost of tyranidshit the Fighter, a novice DsAK of Lugonu (D:8)
  Sonja (D:14)
  Nergalle (Lair:4)
  A wretched star (WizLab)
  8 sea snakes (Snake:4)
  4 salamander mystics
  A titan skeleton (Vaults:5)
  A fire crab (Vaults:3)
  2 skeletal warriors (Vaults:1)
  3 unseen horrors
  An orange crystal statue (WizLab)
  2 starcursed masses (WizLab)
  3 spriggan druids (Swamp:3)
  4 naga ritualists
  A flayed ghost (Vaults:4)
  A deep troll (shapeshifter) (Elf:2)
  10 giant orange brains
  7 hill giants
  33 deep trolls
  13 swamp dragons
  A sphinx zombie (Vaults:5)
  20 harpies
  15 ironbrand convokers
  A shadow dragon zombie (Vaults:5)
  17 orc knights
  4 orc sorcerers
  22 deep elf archers
  5 phantasmal warriors
  2 shambling mangroves (Swamp:4)
  3 necromancers
  7 wizards
  A wolf spider zombie (D:15)
  4 wolf spiders
  6 oklob plants
  5 griffons
  A frost giant zombie (Vaults:5)
  9 mana vipers
  5 hornets
  The ghost of Cryoshakespeare the Martial Artist, a novice DsMo (D:5)
  2 manticores
  A faun (shapeshifter) (D:15)
  52 ugly things
  73 deep elf magi
  7 cyclopes
  16 salamanders
  6 eyes of devastation (WizLab)
  2 rust devils (D:14)
  4 elephants (Lair:8)
  A moth of wrath (shapeshifter) (Vaults:2)
  A gargoyle (D:15)
  A black mamba (shapeshifter) (Vaults:3)
  5 guardian serpents
  13 naga magi
  15 vault sentinels
  An eye of devastation (shapeshifter) (Vaults:5)
  40 black mambas
  An ice statue (D:10)
  A torpor snail (shapeshifter) (Vaults:3)
  28 spiny frogs
  An efreet (D:8)
  A spriggan zombie (Depths:2)
  52 yaktaurs
  An orange demon (D:14)
  A rime drake (Lair:8)
  6 komodo dragons
  6 freezing wraiths
  2 red devils (D:14)
  2 tengu conjurers (D:14)
  10 trolls
  A jumping spider (shapeshifter) (Vaults:1)
  A queen bee (shapeshifter) (D:15)
  A merfolk (D:15)
  3 jumping spiders (Depths:1)
  3 polar bears
  A polar bear (shapeshifter) (Vaults:3)
  21 two-headed ogres
  5 giant leeches
  13 blink frogs
  12 bog bodies
  A frost giant simulacrum (Depths:2)
  21 slime creatures
  4 boulder beetles
  A stone giant simulacrum (Vaults:3)
  9 redbacks
  2 snapping turtles (shapeshifter)
  5 water elementals
  A vampire (D:13)
  An ettin skeleton (Depths:2)
  7 shadows
  A tarantella (Vaults:3)
  4 wyverns
  15 spriggans
  4 air elementals
  7 wraiths
  72 yaks
  3 basilisks
  A hippogriff (shapeshifter) (Depths:3)
  A human (D:14)
  A golden eye (shapeshifter) (Vaults:1)
  11 hippogriffs
  A neqoxec (WizLab)
  An elf skeleton (Vaults:5)
  47 vampire mosquitoes
  Grum (D:9)
  4 mottled dragons
  17 swamp worms
  4 insubstantial wisps (Swamp:1)
  52 nagas
  9 wargs
  12 water moccasins
  5 soldier ants (Lair:3)
  15 porcupines
  2 eyes of draining (D:12)
  2 sky beasts
  17 wasps
  27 ice beasts
  4 black bears
  An ettin simulacrum (Vaults:2)
  6 swamp drakes
  32 orc warriors
  A phantom (D:4)
  A black bear (shapeshifter) (Depths:1)
  An ice beast (shapeshifter) (Vaults:1)
  An eye of draining (shapeshifter) (Elf:2)
  2 tengu (shapeshifter)
  57 ogres
  14 boggarts
  28 wolves
  14 centaurs
  4 big kobolds
  16 crocodiles
  2 earth elementals
  16 giant frogs
  2 scorpions
  2 wyvern skeletons
  A water moccasin skeleton (D:6)
  10 wights
  20 killer bees
  7 electric eels
  A howler monkey (D:11)
  5 centaur zombies
  10 crimson imps
  3 giant frog zombies
  A quasit (D:12)
  4 jellies
  20 orc priests
  28 orc wizards
  10 hounds
  2 giant frog skeletons
  A gnoll shaman (D:9)
  9 iron imps (D:14)
  7 centaur skeletons
  Jessica (D:2)
  Ijyb (D:3)
  Natasha (twice) (D:3)
  9 iguanas
  23 worker ants
  10 sheep
  A killer bee zombie (D:11)
  2 worker ant zombies
  A howler monkey skeleton (D:4)
  14 adders
  22 gnolls
  42 river rats
  4 shadow imps
  An adder zombie (D:5)
  An adder skeleton (D:8)
  A dart slug (D:1)
  A worm (D:2)
  5 giant geckos
  112 orcs
  16 bats
  7 giant cockroaches
  29 goblins
  24 hobgoblins
  20 jackals
  10 kobolds
  4 quokkas
  5 giant newts
  2 hobgoblin zombies (D:4)
  2 kobold skeletons (D:4)
  A kobold zombie (D:4)
  An orc zombie (D:4)
  24 rats
  2 crawling corpses (Elf:3)
  24 fungi
  41 plants
  18 starspawn tentacles (WizLab)
2381 creatures vanquished.

Vanquished Creatures (collateral kills)
  A hydra (Swamp:4)
  An orc high priest (Orc:2)
  A skeletal warrior (Vaults:3)
  An orc knight (Orc:2)
  An orc sorcerer (Orc:2)
  A freezing wraith (Vaults:3)
  2 orc warriors (Orc:2)
  An orc (Vaults:3)
9 creatures vanquished.

Vanquished Creatures (others)
  A deep elf elementalist (Elf:3)
  A deep elf archer (Elf:2)
  A wolf spider (D:9)
  An orc priest (Orc:2)
  2 orc wizards
  4 bushes (Lair:8)
  12 demonic plants (WizLab)
  8 fungi
  10 plants
  12 starspawn tentacles (WizLab)
  302 starspawn tentacle segments (WizLab)
354 creatures vanquished.

Grand Total: 2744 creatures vanquished

Notes
Turn   | Place    | Note
--------------------------------------------------------------
     0 | D:1      | nikopol the Minotaur Berserker began the quest for the Orb.
     0 | D:1      | Reached XP level 1. HP: 19/19 MP: 0/0
   132 | D:1      | Reached XP level 2. HP: 27/27 MP: 1/1
   197 | D:1      | Reached skill level 4 in Axes
   208 | D:1      | Reached ** piety under Trog
   431 | D:1      | Reached XP level 3. HP: 33/33 MP: 2/2
   638 | D:2      | Found an opulent altar of Gozag.
  1011 | D:2      | Noticed Jessica
  1019 | D:2      | Killed Jessica
  1019 | D:2      | Reached XP level 4. HP: 34/40 MP: 3/3
  1236 | D:3      | Found a faded altar to an unknown god.
  1237 | D:3      | Noticed Ijyb
  1244 | D:3      | Killed Ijyb
  1505 | D:3      | Found a blossoming altar of Fedhas.
  1601 | D:3      | Noticed Natasha
  1606 | D:3      | Killed Natasha
  1606 | D:3      | Reached *** piety under Trog
  1606 | D:3      | Reached XP level 5. HP: 42/47 MP: 4/4
  1714 | D:3      | Noticed Natasha
  1717 | D:3      | Killed Natasha
  1815 | D:4      | Noticed a phantom
  1823 | D:4      | Reached skill level 5 in Axes
  1827 | D:4      | Reached skill level 5 in Fighting
  1834 | D:4      | Killed a phantom
  1834 | D:4      | Reached XP level 6. HP: 46/56 MP: 5/5
  1840 | D:4      | Got a sparkling diamond amulet
  2119 | D:4      | Found a glowing golden altar of the Shining One.
  2121 | D:4      | Reached XP level 7. HP: 62/62 MP: 6/6
  2149 | D:4      | Reached skill level 5 in Armour
  2305 | D:4      | Reached skill level 5 in Dodging
  2359 | D:4      | Reached **** piety under Trog
  2359 | D:4      | Reached skill level 6 in Axes
  2743 | D:5      | Entered Level 5 of the Dungeon
  2799 | D:5      | Noticed Cryoshakespeare's ghost (novice DsMo)
  2809 | D:5      | Killed Cryoshakespeare's ghost
  2809 | D:5      | Reached XP level 8. HP: 71/71 MP: 7/7
  3013 | D:5      | Reached skill level 7 in Axes
  3490 | D:5      | Found a staircase to the Ecumenical Temple.
  3907 | D:5      | Reached ***** piety under Trog
  4032 | D:5      | Lost intelligence.
  4032 | D:5      | Identified the amulet "Kukkonoc" {Reflect rElec rC+++ rN+ Int-5 SH+4} (You found it on level 4 of the Dungeon)
  4067 | D:5      | Received a gift from Trog
  4078 | D:5      | Got a slimy battleaxe {god gift}
  4079 | D:5      | Identified the +9 battleaxe of Trog's Condemnation {freeze, rN+++ Int-3 SInv Stlth-} (Trog gifted it to you on level 5 of the Dungeon)
  4347 | D:6      | Reached skill level 8 in Axes
  4347 | D:6      | Reached XP level 9. HP: 76/80 MP: 8/8
  4374 | D:6      | Reached skill level 1 in Bows
  4767 | D:6      | Found a glowing silver altar of Zin.
  4767 | D:6      | Noticed an angel
  5165 | D:7      | Found a sparkling altar of Nemelex Xobeh.
  5217 | D:7      | Found a shadowy altar of Dithmenos.
  5246 | D:7      | Reached skill level 9 in Axes
  5366 | D:7      | Found a sacrificial altar of Ru.
  5443 | D:7      | Found an opulent altar of Gozag.
  5443 | D:7      | Found a shimmering altar of Xom.
  5799 | D:7      | Found an ancient bone altar of Kikubaaqudgha.
  6189 | D:7      | Received a gift from Trog
  6611 | D:8      | Reached XP level 10. HP: 90/90 MP: 9/9
  6701 | D:8      | Reached skill level 5 in Bows
  6753 | D:8      | Found a deep blue altar of Sif Muna.
  6831 | D:8      | Noticed tyranidshit's ghost (novice DsAK)
  6849 | D:8      | Killed tyranidshit's ghost
  7004 | D:8      | Noticed a centaur warrior
  7012 | D:8      | Killed a centaur warrior
  7012 | D:8      | Reached skill level 10 in Axes
  7392 | D:8      | Noticed a griffon
  7398 | D:8      | Killed a griffon
  7532 | D:8      | Noticed a four-headed hydra
  7560 | D:8      | Killed a seven-headed hydra
  7786 | D:8      | Noticed a centaur warrior
  7793 | D:8      | Killed a centaur warrior
  7793 | D:8      | Reached skill level 11 in Axes
  7793 | D:8      | Reached XP level 11. HP: 68/99 MP: 10/10
  8639 | D:9      | Found an iron altar of Okawaru.
  8780 | D:9      | Received a gift from Trog
  8833 | D:9      | Found a shattered altar of Ashenzari.
  8902 | D:9      | Noticed Grum
  8911 | D:9      | Killed Grum
  8933 | D:9      | Found an oddly glowing altar of Pakellas.
  8933 | D:9      | Noticed a wolf spider
  8942 | D:9      | Killed a wolf spider
  9062 | D:9      | Received a gift from Trog
  9253 | D:9      | Found a staircase to the Lair.
  9355 | D:9      | Found Emurr's General Store.
  9606 | Lair:1   | Entered Level 1 of the Lair of Beasts
  9625 | Lair:1   | Noticed Fannar
  9641 | Lair:1   | Killed Fannar
  9641 | Lair:1   | Reached skill level 10 in Fighting
  9848 | Lair:1   | Received a gift from Trog
  9915 | Lair:1   | Reached skill level 10 in Armour
 10046 | Lair:1   | Received a gift from Trog
 10046 | Lair:1   | Reached skill level 12 in Axes
 10642 | Lair:2   | Received a gift from Trog
 10651 | Lair:2   | Reached XP level 12. HP: 90/107 MP: 11/11
 11238 | Lair:2   | Noticed a six-headed hydra
 11245 | Lair:2   | Killed an eight-headed hydra
 11399 | Lair:3   | Found a staircase to the Swamp.
 11701 | Lair:3   | Found a staircase to the Snake Pit.
 11749 | Lair:3   | Reached skill level 10 in Bows
 12062 | Lair:3   | Reached skill level 13 in Axes
 12082 | Lair:3   | Reached skill level 10 in Dodging
 12485 | Lair:3   | Noticed a seven-headed hydra
 12496 | Lair:3   | Killed an eight-headed hydra
 13012 | Lair:3   | Noticed a queen ant
 13018 | Lair:3   | Killed a queen ant
 13079 | Lair:3   | Received a gift from Trog
 14088 | Lair:3   | Identified the Handbook of Malediction
 14183 | Lair:4   | Reached ****** piety under Trog
 14197 | Lair:4   | Received a gift from Trog
 14234 | Lair:4   | Noticed Nergalle
 14252 | Lair:4   | Killed Nergalle
 14416 | Lair:4   | Reached XP level 13. HP: 103/116 MP: 12/12
 15214 | Lair:5   | Reached skill level 14 in Axes
 15672 | Lair:5   | Received a gift from Trog
 16888 | Lair:6   | Noticed Scuka's ghost (journeyman MfTm)
 16908 | Lair:6   | Killed Scuka's ghost
 17088 | Lair:6   | Received a gift from Trog
 18229 | Lair:7   | Reached skill level 15 in Axes
 18539 | Lair:8   | Entered Level 8 of the Lair of Beasts
 18888 | Lair:8   | Received a gift from Trog
 19014 | Lair:8   | Found a viscous altar of Jiyva.
 19021 | Lair:8   | Reached XP level 14. HP: 126/126 MP: 13/13
 19025 | Lair:8   | Found a staircase to the Slime Pits.
 19671 | Lair:8   | Received a gift from Trog
 20089 | Lair:8   | Got a bloodstained hand axe
 20186 | Lair:8   | Received a gift from Trog
 20815 | D:10     | Entered Level 10 of the Dungeon
 20879 | D:10     | Received a gift from Trog
 21235 | D:10     | Found a shimmering altar of Xom.
 21236 | D:10     | Found a shimmering altar of Xom.
 21237 | D:10     | Found a shimmering altar of Xom.
 21238 | D:10     | Found a shimmering altar of Xom.
 21245 | D:10     | Found a shimmering altar of Xom.
 21245 | D:10     | Found a shimmering altar of Xom.
 21246 | D:10     | Found a shimmering altar of Xom.
 21249 | D:10     | Found a shimmering altar of Xom.
 21250 | D:10     | Found a shimmering altar of Xom.
 21406 | D:10     | Reached skill level 16 in Axes
 21944 | D:11     | Got a pair of shimmering gloves
 21955 | D:11     | Identified the cursed +0 pair of gloves "Laneetzo" {rElec Dex+4} (You found it on level 11 of the Dungeon)
 22143 | D:11     | Got a clouded brass ring
 22271 | D:11     | Received a gift from Trog
 22700 | D:12     | Found a staircase to the Orcish Mines.
 23082 | D:12     | Received a gift from Trog
 23096 | D:12     | Identified the cursed +0 hand axe of the Ancient Beds {pain, MP+9} (You found it on level 8 of the Lair of Beasts)
 23100 | D:12     | Identified the ring "Kymomysa" {rElec rPois MP+9 Str+3} (You found it on level 11 of the Dungeon)
 23592 | Orc:1    | Entered Level 1 of the Orcish Mines
 23726 | Orc:1    | Found Betuxal's Magic Scroll Shop.
 23758 | Orc:1    | Bought a scroll of enchant weapon for 105 gold pieces
 23900 | Orc:2    | Entered Level 2 of the Orcish Mines
 23982 | Orc:2    | Found a staircase to the Elven Halls.
 23987 | Orc:2    | Found a radiant altar of Vehumet.
 24034 | Orc:2    | Found Iruqim's Distillery.
 24079 | Orc:2    | Found Wolam's General Store.
 24084 | Orc:2    | Reached XP level 15. HP: 73/136 MP: 14/14
 24432 | Orc:2    | Found Feetutaa's Food Emporium.
 24441 | Orc:2    | Bought a potion of beneficial mutation for 525 gold pieces
 24441 | Orc:2    | Gained mutation: Your mind is acute. (Int +2) [potion of beneficial mutation]
 24501 | Orc:2    | Found Siogim's Armour Emporium.
 24506 | Orc:2    | Found Bocluur's Gadget Boutique.
 24521 | Orc:2    | Received a gift from Trog
 24866 | Orc:1    | Noticed shugdite's ghost (journeyman MiFi)
 24877 | Orc:1    | Killed shugdite's ghost
 25327 | D:13     | Found a glowing golden altar of the Shining One.
 25857 | D:14     | Noticed Frances
 25870 | D:14     | Killed Frances
 25870 | D:14     | Reached skill level 17 in Axes
 26325 | D:14     | Noticed Josephine
 26341 | D:14     | Killed Josephine
 26345 | D:14     | Found an ancient bone altar of Kikubaaqudgha.
 26476 | D:14     | Received a gift from Trog
 26653 | D:14     | Found Ypyett's Armour Boutique.
 26657 | D:14     | Bought a +1 cloak of poison resistance for 135 gold pieces
 26657 | D:14     | Bought a +0 pair of boots of flying for 115 gold pieces
 26697 | D:14     | Received a gift from Trog
 26848 | D:14     | Noticed Sonja
 27054 | D:14     | Killed Sonja
 27097 | D:14     | Found a gate to the Vaults.
 27258 | D:9      | Bought a potion of heal wounds for 65 gold pieces
 27258 | D:9      | Bought a scroll of enchant armour for 97 gold pieces
 27412 | D:10     | Received a gift from Trog
 27433 | D:10     | Noticed a frost giant
 27444 | D:10     | Killed a frost giant
 28019 | D:14     | Received a gift from Trog
 28220 | D:14     | Noticed Rupert
 28229 | D:14     | Killed Rupert
 28812 | D:15     | Entered Level 15 of the Dungeon
 29023 | D:15     | Reached skill level 15 in Bows
 29159 | D:15     | Reached XP level 16. HP: 91/145 MP: 15/15
 29423 | D:15     | Found a burning altar of Makhleb.
 29423 | D:15     | Noticed an Executioner
 29504 | D:15     | Found a blossoming altar of Fedhas.
 29644 | D:15     | Noticed Agnes
 29650 | D:15     | Killed Agnes
 29719 | D:15     | Found a staircase to the Depths.
 30067 | D:15     | Found a portal to a secret trove of treasure.
 30563 | Swamp:1  | Entered Level 1 of the Swamp
 30571 | Swamp:1  | Reached skill level 18 in Axes
 30576 | Swamp:1  | Received a gift from Trog
 30627 | Swamp:1  | Noticed appiemonkey's ghost (journeyman MiFi)
 30638 | Swamp:1  | Killed appiemonkey's ghost
 30724 | Swamp:1  | Noticed a thorn hunter
 30734 | Swamp:1  | Killed a thorn hunter
 31050 | Swamp:1  | Received a gift from Trog
 31415 | Swamp:2  | Noticed a thorn hunter
 31425 | Swamp:2  | Killed a thorn hunter
 31811 | Swamp:2  | Received a gift from Trog
 31931 | Swamp:2  | Identified a scroll of acquirement
 31934 | Swamp:2  | Got a pair of faintly glowing gloves
 31945 | Swamp:2  | Identified the +0 pair of gloves of the Midnight Sun {rN+ MR+} (You acquired it on level 2 of the Swamp)
 32722 | Orc:2    | Bought the +0 chain mail of the Solstice {rC+ Str+4 Stlth+} for 475 gold pieces
 32750 | Orc:2    | Got a pair of twisted gloves
 32761 | Orc:2    | Identified the +0 pair of gloves "Rumojits" {MR+} (You acquired it on level 2 of the Orcish Mines)
 34318 | Swamp:4  | Entered Level 4 of the Swamp
 34358 | Swamp:4  | Received a gift from Trog
 34514 | Swamp:4  | Reached XP level 17. HP: 139/154 MP: 16/16
 34880 | Swamp:4  | Reached skill level 15 in Fighting
 35008 | Swamp:4  | Received a gift from Trog
 35016 | Swamp:4  | Reached skill level 19 in Axes
 35688 | Swamp:4  | Received a gift from Trog
 35728 | Swamp:4  | Reached skill level 15 in Armour
 35875 | Swamp:4  | Got a decaying rune of Zot
 36338 | Snake:1  | Entered Level 1 of the Snake Pit
 36357 | Snake:1  | Found a frozen archway.
 36400 | IceCv    | Entered an ice cave
 36997 | Snake:1  | Noticed Aizul
 37007 | Snake:1  | Killed Aizul
 37444 | Snake:1  | Received a gift from Trog
 38071 | Snake:2  | Received a gift from Trog
 38625 | Snake:3  | Reached XP level 18. HP: 47/166 MP: 17/17
 39144 | Snake:3  | Found Pacri's Book Shop.
 40418 | Snake:3  | Received a gift from Trog
 41051 | Snake:4  | Entered Level 4 of the Snake Pit
 41143 | Snake:4  | Noticed Donald
 41153 | Snake:4  | Killed Donald
 41161 | Snake:4  | Received a gift from Trog
 41353 | Snake:4  | Reached skill level 20 in Axes
 41610 | Snake:4  | Received a gift from Trog
 41708 | Snake:4  | Reached skill level 15 in Dodging
 42637 | Snake:4  | Received a gift from Trog
 42658 | Snake:4  | Got a steaming shortbow {god gift}
 42874 | Snake:4  | Identified the +11 shortbow of Forgiveness {venom, MR+} (Trog gifted it to you on level 4 of the Snake Pit)
 43655 | Snake:4  | Received a gift from Trog
 43665 | Snake:4  | Reached XP level 19. HP: 174/174 MP: 18/18
 43697 | Snake:4  | Got a serpentine rune of Zot
 44191 | Elf:1    | Entered Level 1 of the Elven Halls
 44223 | Elf:1    | Received a gift from Trog
 45216 | Elf:1    | Found Jaeket's Magic Scroll Shoppe.
 45237 | Elf:1    | Bought a scroll of acquirement for 676 gold pieces
 45311 | Elf:1    | Received a gift from Trog
 45324 | Elf:1    | Reached skill level 21 in Axes
 45707 | Elf:1    | Noticed Nikola
 45719 | Elf:1    | Killed Nikola
 45753 | Elf:1    | Found Ceceimof's Gadget Boutique.
 46435 | Elf:2    | Found a huge runed gate.
 46443 | Elf:2    | Found a huge runed gate.
 46444 | Elf:2    | Found a huge runed gate.
 46446 | Elf:2    | Found a huge runed gate.
 46446 | Elf:2    | Found a huge runed gate.
 46970 | Elf:2    | Received a gift from Trog
 48589 | Vaults:1 | Entered Level 1 of the Vaults
 48777 | Vaults:1 | Received a gift from Trog
 48929 | Vaults:1 | Reached XP level 20. HP: 177/184 MP: 19/19
 49127 | Vaults:1 | Received a gift from Trog
 49403 | Vaults:1 | Reached skill level 22 in Axes
 50151 | Vaults:1 | Received a gift from Trog
 50368 | Vaults:1 | Received a gift from Trog
 51766 | Vaults:2 | Received a gift from Trog
 52022 | Vaults:2 | Received a gift from Trog
 53062 | Vaults:2 | Noticed a bone dragon
 53085 | Vaults:2 | Killed a bone dragon
 53092 | Vaults:2 | Reached XP level 21. HP: 106/194 MP: 20/20
 53310 | Vaults:2 | Found a staircase to the Crypt.
 53355 | Vaults:2 | Found Kic Oxkucu's Distillery.
 53358 | Vaults:2 | Bought a potion of heal wounds for 105 gold pieces
 53358 | Vaults:2 | Bought a potion of heal wounds for 105 gold pieces
 53657 | Vaults:2 | Reached skill level 23 in Axes
 53880 | Vaults:2 | Received a gift from Trog
 54329 | Vaults:3 | Found a flickering gateway to a bazaar.
 54421 | Bazaar   | Entered a bazaar
 54425 | Bazaar   | Found Sogul's Jewellery Boutique.
 54443 | Bazaar   | Found Itillemi's Magic Scroll Emporium.
 54460 | Bazaar   | Found Ykan Logg's Weapon Boutique.
 54477 | Bazaar   | Found Koured's Antique Weapon Shoppe.
 54482 | Bazaar   | Bought an ichor-stained longbow for 370 gold pieces
 54491 | Bazaar   | Identified the +8 longbow of Resourcefulness {speed, +Inv rElec rPois} (You bought it in a shop in a bazaar)
 54713 | Vaults:3 | Received a gift from Trog
 55617 | Vaults:3 | Got a crystal battleaxe {god gift}
 55618 | Vaults:3 | Identified the +10 battleaxe "Minotaur's Regret" {freeze, rPois rC- Str+3 Dex+2} (Trog gifted it to you on level 3 of the Vaults)
 56539 | Vaults:4 | Found a magical portal.
 56576 | WizLab   | Entered Lehudib's Moon Base
 56728 | WizLab   | Received a gift from Trog
 57492 | WizLab   | Reached XP level 22. HP: 200/204 MP: 21/21
 58183 | Vaults:4 | Reached skill level 24 in Axes
 58533 | Vaults:4 | Received a gift from Trog
 58793 | Vaults:4 | Got a jewelled ring mail
 58804 | Vaults:4 | Identified the cursed +1 ring mail of Limitation {Regen+ Int+2} (You found it on level 4 of the Vaults)
 59292 | Vaults:1 | Received a gift from Trog
 59525 | Elf:3    | Entered Level 3 of the Elven Halls
 59865 | Elf:3    | Found Avvereje's Magic Scroll Boutique.
 60079 | Elf:3    | Found Enaadose's Book Shoppe.
 60129 | Elf:3    | Found Kaisaqur's Assorted Antiques.
 60150 | Elf:3    | Found Rasum's Antique Weapon Boutique.
 60158 | Elf:3    | Found Ceebb's Assorted Antiques.
 61110 | Elf:3    | Received a gift from Trog
 61583 | Elf:3    | Received a gift from Trog
 61676 | Elf:3    | Got a sparkling amber ring
 61680 | Elf:3    | Identified the ring of Polytheism {Fire +Inv Int+4 Dex+4} (You took it off a deep elf demonologist on level 3 of the Elven Halls)
 61822 | Elf:3    | Reached XP level 23. HP: 199/214 MP: 22/22
 61975 | Elf:3    | Got a heavily runed lead amulet
 61983 | Elf:3    | Identified the amulet of Taplar {Inacc +Blink Dex+3 SInv} (You found it on level 3 of the Elven Halls)
 62859 | Vaults:5 | Entered Level 5 of the Vaults
 63118 | Vaults:5 | Received a gift from Trog
 63633 | Vaults:5 | Reached skill level 25 in Axes
 63837 | Vaults:5 | Upgraded the game from 0.18.1-48-g4cf74bf to 0.18.1-50-g88ac8fd
 64045 | Vaults:5 | Received a gift from Trog
 64920 | Vaults:5 | Received a gift from Trog
 65085 | Vaults:5 | Reached XP level 24. HP: 187/224 MP: 22/22
 65234 | Vaults:5 | Received a gift from Trog
 65465 | Vaults:5 | Noticed an ancient lich
 65469 | Vaults:5 | Killed an ancient lich
 65546 | Vaults:5 | Got a silver rune of Zot
 65669 | Vaults:5 | Received a gift from Trog
 65919 | Vaults:5 | Got a polished cloak
 65930 | Vaults:5 | Identified the +2 cloak of Lusoilot {Int+4} (You found it on level 5 of the Vaults)
 66155 | Vaults:5 | Got an amber-encrusted crystal plate armour
 66156 | Vaults:5 | Identified the cursed +0 crystal plate armour "Xaicvuh" {-Cast rC- Regen+ Str+7} (You found it on level 5 of the Vaults)
 67143 | Depths:1 | Entered Level 1 of the Depths
 67190 | Depths:1 | Received a gift from Trog
 67197 | Depths:1 | Got a polished battleaxe {god gift}
 67199 | Depths:1 | Identified the +10 battleaxe "Rekhlyarch" {elec, *Drain +Rage rC+++ Str-5} (Trog gifted it to you on level 1 of the Depths)
 67531 | Depths:1 | Got a heavily runed chain mail
 67542 | Depths:1 | Identified the cursed +1 chain mail "Xokaonn" {-Tele rPois rN+ Str+4} (You found it on level 1 of the Depths)
 67549 | Depths:1 | Found a shattered altar of Ashenzari.
 67675 | Depths:1 | Found a gateway to Hell.
 67946 | Depths:1 | Found Qomynu's Weapon Shop.
 67952 | Depths:1 | Reached skill level 26 in Axes
 68632 | Depths:2 | Received a gift from Trog
 69443 | Depths:2 | Received a gift from Trog
 69526 | Depths:2 | Got a bound steel amulet
 69539 | Depths:2 | Identified the amulet of Departure {Regen+ Int+2 Dex+2} (You found it on level 2 of the Depths)
 69659 | Depths:2 | Got a pitted steel ring
 69887 | Depths:3 | Received a gift from Trog
 69906 | Depths:3 | Found a one-way gate leading to the halls of Pandemonium.
 69912 | Depths:3 | Killed from afar by a fire giant

Skill      XL: |  1  2  3  4  5  6  7  8  9 10 11 12 13 14 15 16 17 18 19 20 21 22 23 24 |
---------------+-------------------------------------------------------------------------+-----
Axes           | 4 5 6 8 9 11 12 13 15 16 17 18 19 20 21 22 23 24 25 26 | 26.3
Armour         | 3 4 6 7 8 9 10 11 12 13 14 15 16 17 18 19 21 22 | 22.0
Fighting       | 4 5 6 7 8 9 10 11 12 13 14 15 16 17 18 19 20 | 20.8
Dodging        | 3 4 5 6 7 8 9 10 11 12 13 14 15 16 17 18 19 | 19.5
Bows           | 4 7 9 11 12 13 15 16 17 18 19 20 21 22 | 22.9

Action                   |  1- 3 |  4- 6 |  7- 9 | 10-12 | 13-15 | 16-18 | 19-21 | 22-24 || total
-------------------------+-------+-------+-------+-------+-------+-------+-------+-------++-------
Melee: Hand axe          |    68 |    62 |       |       |       |       |       |       ||   130
       Headbutt          |     7 |    26 |    37 |    90 |   132 |   129 |   188 |    78 ||   687
       War axe           |       |    33 |   138 |       |       |       |       |       ||   171
       Battleaxe         |       |       |   108 |   407 |   554 |   532 |   632 |   319 ||  2552
       Longbow           |       |       |       |       |     1 |     1 |       |       ||     2
 Fire: Shortbow          |       |       |   108 |   340 |       |   100 |   893 |       ||  1441
       Longbow           |       |       |       |    36 |   776 |   776 |   322 |  1432 ||  3342
Invok: Berserk           |       |       |     2 |     6 |     7 |     8 |     3 |       ||    26
       Burn Spellbooks   |       |       |     1 |     1 |     2 |     3 |     3 |     4 ||    14
       Trog's Hand       |       |       |       |       |     2 |       |       |     1 ||     3
       Brothers in Arms  |       |       |       |       |     1 |     2 |     1 |       ||     4
 Abil: Evoke Flight      |       |       |       |       |       |     1 |       |       ||     1
  Use: Scroll            |       |       |     1 |    12 |    20 |    15 |     7 |    12 ||    67
       Potion            |       |       |       |       |     2 |     2 |       |       ||     4
 Stab: Distracted        |       |       |       |     1 |       |       |       |     3 ||     4
  Eat: Chunk             |       |     4 |    14 |    28 |    50 |    37 |    40 |    30 ||   203
       Pizza             |       |       |     1 |       |     1 |     5 |       |     1 ||     8
       Beef jerky        |       |       |       |     1 |       |       |     2 |     1 ||     4
       Royal jelly       |       |       |       |       |     2 |       |       |     2 ||     4
       Bread ration      |       |       |       |       |       |     2 |       |       ||     2
Armor: Animal skin       |     3 |       |       |       |       |       |       |       ||     3
       Chain mail        |    27 |    59 |   132 |   153 |   174 |   256 |   243 |   126 ||  1170
       Ring mail         |       |       |       |       |    35 |    46 |       |       ||    81
Dodge: Dodged            |    37 |    50 |   136 |   232 |   510 |   542 |   482 |   275 ||  2264
Block: Other             |       |       |       |       |       |       |       |    41 ||    41
       Reflection        |       |       |       |       |       |       |       |     7 ||     7
